 Dungeon Sprint DCSS version 0.29-a0-721-g7f417c9bbb (webtiles) character file.

Game seed: 705510567088345104

1112 wilfster70 the Cruncher (level 8, -2/75 HPs)
             Began as a Formicid Fighter on June 27, 2022.
             Was an Initiate of Gozag.
             Slain by a vampire (4 damage)
             ... in the Dungeon (Sprint IX: "|||||||||||||||||||||||||||||").
             The game lasted 00:02:08 (679 turns).

wilfster70 the Cruncher (Formicid Fighter)           Turns: 679, Time: 00:02:09

Health: -2/75      AC:  9    Str: 25    XL:     8   Next: 59%
Magic:  8/8        EV:  9    Int:  9    God:    Gozag
Gold:   324        SH:  0    Dex: 16    Spells: 7/7 levels left

rFire   . . .      SeeInvis +   a - +4 quarterstaff (distort)
rCold   . . .      Faith    .   c - +0 buckler
rNeg    . . .      Spirit   .   k - +1 scale mail
rPois   .          Reflect  .   (helmet unavailable)
rElec   .          Harm     .   (no cloak)
rCorr   .          Rampage  .   j - +0 pair of gloves
Will    .....                   (no boots)
Stlth   ..........              (no amulet)
HPRegen 0.22/turn               b - +3 ring of strength
MPRegen 0.11/turn               l - +3 ring of dexterity

@: confused
A: permanent stasis, dig shafts and tunnels, antennae 3, four strong arms
a: Dig, Renounce Religion, Potion Petition, Call Merchant, Bribe Branch


You were in the Dungeon.
You worshipped Gozag.
Gozag was aware of your devotion.
You visited 1 branch You collected 324 gold pieces.

Inventory:

Hand Weapons
 a - a +4 quarterstaff of distortion (weapon)
Armour
 c - a +0 buckler (worn)
 j - a +0 pair of gloves (worn)
 k - a +1 scale mail (worn)
Jewellery
 b - a +3 ring of strength (left hand)
 l - a +3 ring of dexterity (right hand)
Wands
 i - a wand of acid (10)
Scrolls
 h - 2 scrolls of amnesia
Potions
 d - a potion of invisibility
 e - 5 potions of curing
 f - a potion of heal wounds
 g - 4 potions of magic


   Skills:
 + Level 11.3 Fighting
 * Level 13.6 Staves
 - Level 3.2 Armour
 - Level 9.0 Shields


You had 7 spell levels left.
You didn't know any spells.
Your spell library was empty.

Dungeon Overview and Level Annotations

Branches:
Dungeon (1/1)

Altars:
Cheibriados
Dithmenos
Elyvilon
Fedhas
Gozag
Hepliaklqana
Kikubaaqudgha
Makhleb
Nemelex Xobeh
Okawaru
Qazlal
Ru
Sif Muna
Trog
Uskayaw
Vehumet
Wu Jian
Xom
Yredelemnul
Zin
The Shining One
Beogh
Jiyva
Lugonu


Innate Abilities, Weirdness & Mutations

You cannot be hasted, slowed, berserked, paralysed or teleported.
You can dig through walls and to a lower floor.
You have a pair of large antennae on your head. (SInv)
Your four strong arms can wield two-handed weapons with a shield.


Message History

The vampire flickers and vanishes for a moment.
You bludgeon the two-headed ogre!!
The two-headed ogre is heavily wounded.
The two-headed ogre blinks!
The centaur wields a +0 shortbow.
The centaur shoots an arrow.
You block the arrow.
There is an open door, spattered with blood here.
You hit the centaur.
Space warps horribly around the centaur!
The centaur is severely wounded.
The centaur unwields a +0 shortbow.
The centaur barely misses you.
The centaur kicks you but does no damage.
You hit the centaur.
Space warps around the centaur.
The centaur is almost dead.
The centaur completely misses you.
The centaur kicks you but does no damage.
You hit the centaur but do no damage.
The centaur is devoured by a tear in reality.
You hit the cyclops but do no damage.
The cyclops blinks!
The two-headed ogre hits you with a +0 giant club!!
The two-headed ogre barely misses you.
You sock the two-headed ogre!
Space warps around the two-headed ogre.
The two-headed ogre is severely wounded.
You barely miss the two-headed ogre.
The two-headed ogre is severely wounded.
The two-headed ogre hits you with a +0 giant club!
The two-headed ogre hits you with a +0 giant spiked club!
The vampire casts a spell at you.
You are confused.
You bump into the unnaturally hard rock wall.
The two-headed ogre hits you with a +0 giant club!
* * * LOW HITPOINT WARNING * * *
The two-headed ogre hits you with a +0 giant spiked club!
* * * LOW HITPOINT WARNING * * *
The cyclops throws a large rock.
The large rock barely misses the vampire.
The large rock hits you.
* * * LOW HITPOINT WARNING * * *
The vampire closely misses you. The vampire bites you.
You die...
Your body crumbles into a pile of gold.

▓+▓
▓.▓
▓.▓
▓.▓
▓c▓
▓c▓
▓C▓
▓V▓
▓@▓
$
▓O▓
$
▓.▓
$ $
▓.▓
$
▓)▓
$
▓.▓
$
▓'▓
$
▓)▓
▓)▓
{ $


You could see 2 centaur warriors, a two-headed ogre, a cyclops and a vampire
(invisible).

Vanquished Creatures
  A gargoyle (D)
  A yak (D)
  An ogre (D)
  2 wights (D)
  A howler monkey (D)
  A hound (D)
  An iguana (D)
  An orc wizard (D)
  An endoplasm (D)
  2 giant cockroaches (D)
  A jackal (D)
  A ball python (D)
  A bat (D)
15 creatures vanquished.

Notes
Turn   | Place    | Note
-------+----------+-------------------------------------------
     0 | D        | wilfster70 the Formicid Fighter began the quest for the
                  | Orb.
     0 | D        | Reached XP level 1. HP: 18/18 MP: 1/1
   177 | D        | Noticed an iguana
   177 | D        | Noticed a howler monkey
   177 | D        | Noticed an ogre
   177 | D        | Noticed a hound
   183 | D        | Killed a hound
   184 | D        | Reached skill level 4 in Staves
   184 | D        | Reached XP level 2. HP: 18/26 MP: 2/2
   184 | D        | Reached XP level 3. HP: 22/31 MP: 3/3
   189 | D        | Killed an ogre
   190 | D        | Reached skill level 6 in Staves
   190 | D        | Reached XP level 4. HP: 2/40 MP: 4/4
   190 | D        | Reached XP level 5. HP: 3/46 MP: 5/5
   193 | D        | Reached skill level 7 in Staves
   198 | D        | Reached skill level 8 in Staves
   376 | D        | Found a snail-covered altar of Cheibriados.
   376 | D        | Found a shadowy altar of Dithmenos.
   376 | D        | Found a white marble altar of Elyvilon.
   376 | D        | Found a blossoming altar of Fedhas.
   376 | D        | Found an opulent altar of Gozag.
   377 | D        | Found a hazy altar of Hepliaklqana.
   378 | D        | Found a viscous altar of Jiyva.
   379 | D        | Found an ancient bone altar of Kikubaaqudgha.
   380 | D        | Found a corrupted altar of Lugonu.
   381 | D        | Found a burning altar of Makhleb.
   382 | D        | Found a sparkling altar of Nemelex Xobeh.
   383 | D        | Found an iron altar of Okawaru.
   384 | D        | Became a worshipper of Gozag Ym Sagoz the Greedy
   385 | D        | Found a stormy altar of Qazlal.
   386 | D        | Found a sacrificial altar of Ru.
   387 | D        | Found a shimmering blue altar of Sif Muna.
   388 | D        | Found a bloodstained altar of Trog.
   389 | D        | Found a hide-covered altar of Uskayaw.
   390 | D        | Found a radiant altar of Vehumet.
   391 | D        | Found an ornate altar of the Wu Jian Council.
   392 | D        | Found a shimmering altar of Xom.
   393 | D        | Found a basalt altar of Yredelemnul.
   394 | D        | Found a glowing silver altar of Zin.
   395 | D        | Found a glowing golden altar of the Shining One.
   450 | D        | Noticed a gargoyle
   450 | D        | Noticed an unseen horror
   450 | D        | Noticed a yak
   459 | D        | Killed a yak
   460 | D        | Reached skill level 9 in Staves
   460 | D        | Reached XP level 6. HP: 38/57 MP: 6/6
   463 | D        | Reached skill level 10 in Staves
   463 | D        | Reached XP level 7. HP: 42/64 MP: 7/7
   466 | D        | Banished an unseen horror
   467 | D        | Reached skill level 10 in Fighting
   467 | D        | Reached skill level 12 in Staves
   477 | D        | Killed a gargoyle
   478 | D        | Reached skill level 13 in Staves
   478 | D        | Reached XP level 8. HP: 35/75 MP: 8/8
   669 | D        | Noticed a centaur warrior
   669 | D        | Noticed a centaur warrior
   669 | D        | Noticed a vampire
   669 | D        | Noticed a cyclops
   669 | D        | Noticed a two-headed ogre
   679 | D        | HP: 2/75 [cyclops/large rock (3)]
   679 | D        | Slain by a vampire

Illustrated notes

Levels and vault maps discovered:
D:        linesprint [early_d, line_temple, items_1, d_10, items_2, lair_1,
          lair_end, items_3, orc_1, orc_end, items_4, d_15, swamp_1, shoals_1,
          snake_1, spider_1, d_20, vaults_1, items_5, swamp_end, shoals_end,
          snake_end, spider_end, vaults_end, d_27, items_6, zot_1, zot_end,
          crypt_end, forest_end, elf_end, slime_end, tomb_end, abyss_end,
          pan_hell_end]

Skill      XL: |  1  2  3  4  5  6  7 |
---------------+----------------------+-----
Fighting       | 4 6 8 9 11 | 11.3
Staves         | 4 6 9 10 13 | 13.6
Shields        | 6 7 9 |  9.0
Armour         | |  3.2

Action                   |  1- 3 |  4- 6 |  7- 9 || total
-------------------------+-------+-------+-------++-------
Melee: Quarterstaff      |    25 |    15 |    24 ||    64
  Use: Potion            |     1 |     1 |     1 ||     3
 Stab: Distracted        |       |       |     1 ||     1
Armor: Scale mail        |     6 |     3 |     3 ||    12
Dodge: Dodged            |     6 |     4 |     8 ||    18
Block: Buckler           |     8 |     7 |     4 ||    19

Table legend: (Time is in decaauts)
 A = Elapsed time spent in this place.
 B = Non-inter-level travel time spent in this place.
 C = Inter-level travel time spent in this place.
 D = Time resting spent in this place.
 E = Time spent auto-exploring this place.
 F = Levels seen in this place.
 G = Mean time per level.
                   A        B        C        D        E       F      G
               +--------+--------+--------+--------+--------+-----+--------+
         Total |    674 |    674 |      0 |    486 |      0 |   1 |  674.0 |
       Dungeon |    674 |    674 |      0 |    486 |      0 |   1 |  674.0 |
               +--------+--------+--------+--------+--------+-----+--------+

Top non-repeatable levels by time:
       D: 674 daAuts
